 Dungeon Crawl Stone Soup version 0.21.1-1-g345015f (webtiles) character file.

86 Shenanicrawl the Chiller (level 4, 0/33 HPs)
             Began as a Merfolk Ice Elementalist on Feb 20, 2018.
             Slain by a water moccasin (5 damage)
             ... on level 3 of the Dungeon.
             The game lasted 00:09:25 (2907 turns).

Shenanicrawl the Chiller (Merfolk Ice Elementalist) Turns: 2907, Time: 00:09:26

Health: 0/33       AC:  2    Str:  8    XL:     4   Next: 49%
Magic:  0/7        EV: 13    Int: 14    God:
Gold:   119        SH:  0    Dex: 15    Spells: 1/7 levels left

rFire    . . .     SeeInvis .   f - +0 spear
rCold    . . .     Gourm    .   (no shield)
rNeg     . . .     Faith    .   a - +0 robe
rPois    .         Spirit   .   (no helmet)
rElec    .         Reflect  .   (no cloak)
rCorr    .         Harm     .   (no gloves)
MR       .....                  (no boots)
Stlth    ++........             (no amulet)
HPRegen  0.11/turn              (no ring)
MPRegen  0.10/turn              (no ring)

@: lethally poisoned (0 -> -3)
A: change form in water, swift swim, stealthy swim
a: no special abilities


You were on level 3 of the Dungeon.
You were not hungry.

You visited 1 branch of the dungeon, and saw 3 of its levels.

You collected 119 gold pieces.

Inventory:

Hand Weapons
 f - a +0 spear (weapon)
Armour
 a - a +0 robe (worn)
 g - a +0 pair of boots
 q - a +0 shield
Scrolls
 d - a scroll of remove curse {unknown}
 i - a scroll of teleportation {unknown}
 k - 3 scrolls of identify {unknown}
 o - a scroll of noise {unknown}
 p - a scroll of enchant weapon {unknown}
 r - a scroll of amnesia {unknown}
Potions
 e - a potion of might {unknown}
 h - a potion of haste {unknown}
 j - a potion of invisibility {unknown}
 l - a potion of degeneration {unknown}
 m - a potion of mutation {unknown}
 n - a potion of magic {unknown}
Books
 b - a book of Frost

   Spells                             Type                      Level
   a - Freeze                         Ice                          1
   b - Throw Frost                    Conjuration/Ice              2
   c - Ozocubu's Armour               Charms/Ice                   3
   d - Throw Icicle                   Conjuration/Ice              4
   e - Summon Ice Beast               Ice/Summoning                4
Comestibles
 c - 8 rations
 s - 2 chunks of flesh


   Skills:
 * Level 2.2 Fighting
 * Level 2.5 Polearms
 + Level 3.3 Dodging
 + Level 3.0 Stealth
 - Level 2.0 Spellcasting
 - Level 0.7 Conjurations
 + Level 3.7 Ice Magic


You had one spell level left.
You knew the following spells:

 Your Spells              Type           Power        Failure   Level  Hunger
a - Freeze                Ice            ##..         5%          1    ##.....
b - Throw Frost           Conj/Ice       #.....       14%         2    ###....
c - Ozocubu's Armour      Chrm/Ice       #.......     32%         3    ####...


Dungeon Overview and Level Annotations

Branches:
Dungeon (3/15)

Altars:
Cheibriados

Annotations:
D:3 Terence


Message History

You freeze the water moccasin.
The water moccasin seems to slow down.
The water moccasin is heavily wounded.
You feel sick.
The water moccasin completely misses you.
Casting: Freeze
Confirm with . or Enter, or press ? or * to list all spells.
Aiming: Freeze
Press: ? - help, Shift-Dir - straight line, f/p - water moccasin
Aim: a water moccasin (heavily wounded, slow)
You freeze the water moccasin.
The water moccasin is severely wounded.
Casting: Freeze
Confirm with . or Enter, or press ? or * to list all spells.
Aiming: Freeze
Press: ? - help, Shift-Dir - straight line, f/p - water moccasin
Aim: a water moccasin (severely wounded, slow)
You freeze the water moccasin.
The water moccasin is almost dead.
You feel sick. The water moccasin bites you.
You die...

#.# #.≈≈≈≈≈#.###.#
#..# #.#
#.≈≈.≈≈......# #..#
##.# ##≈≈≈≈≈#.#####
#..# ##.#
##≈≈≈##....# ##..#
...# ##_######.##
#...# #### ###
##^..## #.#.#
##.....## #.#.#
####.......### #.#.#
S
#.S@.........###.#.#
#.##..........##.#.#
#.###.....########.#
#.# ##....# ♣♣ #.#
#.# ###..#♣♣..♣♣#.#
#.# #..'..≈≈$♣#.#
#.######..'..≈≈.♣#.#
#.........#♣♣..♣♣#.#
########..# ♣♣ ###


You could see a water moccasin.

Vanquished Creatures
  2 adders (D:2)
  An ooze (D:1)
  An adder zombie (D:3)
  2 worms (D:3)
  5 dart slugs
  2 leopard geckos
  2 bats
  A giant cockroach (D:3)
  3 goblins
  5 hobgoblins (D:1)
  2 jackals (D:1)
  5 kobolds
  A quokka (D:2)
  A frilled lizard (D:2)
  10 rats
43 creatures vanquished.

Notes
Turn   | Place    | Note
-------+----------+-------------------------------------------
     0 | D:1      | Shenanicrawl the Merfolk Ice Elementalist began the quest for the Orb.
     0 | D:1      | Reached XP level 1. HP: 13/13 MP: 3/3
   329 | D:1      | Reached skill level 1 in Fighting
   329 | D:1      | Reached XP level 2. HP: 19/21 MP: 5/5
   631 | D:1      | Reached skill level 1 in Polearms
  1048 | D:1      | Reached XP level 3. HP: 13/26 MP: 6/6
  1600 | D:2      | Learned a level 2 spell: Throw Frost
  1604 | D:2      | Learned a level 3 spell: Ozocubu's Armour
  1768 | D:2      | Reached XP level 4. HP: 17/33 MP: 2/7
  2568 | D:3      | Noticed Terence
  2734 | D:3      | Found a snail-covered altar of Cheibriados.
  2857 | D:3      | Noticed a water moccasin
  2907 | D:3      | Slain by a water moccasin

Skill      XL: |  1  2  3  4 |
---------------+-------------+-----
Fighting       | 1 2 |  2.2
Polearms       | 1 2 |  2.5
Dodging        | 3 |  3.3
Stealth        | 3 |  3.0
Spellcasting   | |  2.0
Conjurations   | |  0.7
Ice Magic      | |  3.7

Action                   |  1- 3 |  4- 6 || total
-------------------------+-------+-------++-------
Melee: Unarmed           |    20 |       ||    20
       Spear             |   102 |    67 ||   169
       Tailslap          |       |     1 ||     1
 Cast: Freeze            |    18 |    20 ||    38
       Throw Frost       |       |     1 ||     1
 Stab: Sleeping          |     1 |     3 ||     4
  Eat: Chunk             |     3 |     4 ||     7
Armor: Robe              |    19 |     6 ||    25
Dodge: Dodged            |    88 |    28 ||   116
